nyob, lawful male human Knight --------------- -.............| ----- ------------ |........<.....######### |[?)| |..........| ..............| # |?[.-# |..........|# |.........`...| ### ------------ |!..|% |..........-# -------.------- # |..........| |[?.|# ---- --|----# ## ##...........| -----# ## ###)## # |..........| # # ### |..........| # ### # |...>.....{| # # ##### ------------ # # ---.------------ # # +..............| #----------|- |..............| #|.`........- ############...............| #...........| # |..............| |...........## ---------------- |..........| ------------ nyob the Esquire Experience level: 4 Strength: 12 Dexterity: 9 Constitution: 11 Intelligence: 7 Wisdom: 16 Charisma: 18 Health: 37(37) Energy: 26(26) Def: 7 Gold: 837 Moves: 2427 Dungeon seed: LOyQpo6afyW8LWAh Game ID: nyob_1522093618 Your Inventory: Coins $ - 837 gold pieces Weapons a - a blessed +1 long sword (weapon in hand) b - a +1 lance Armor e - an uncursed +1 ring mail (being worn) n - an uncursed +0 helmet (being worn) q - an uncursed +0 small shield (being worn) r - an uncursed +0 pair of leather gloves (being worn) Comestibles c - 2 uncursed apples d - an uncursed carrot F - an uncursed cram ration Scrolls g - an uncursed scroll of taming i - an uncursed scroll of gold detection x - an uncursed scroll of identify G - a cursed scroll of create monster Tools u - a bag of tricks (0:9) C - an uncursed bag of holding D - an uncursed blindfold Spells and supernatural/magical abilities: Name Level Category Fail Memory W - pray for help -- divine ? -- X - turn undead -- divine ? -- Y - supernatural jump -- ability ? -- Your skills at the end: Fighting Skills riding [Basic] Weapon Skills long sword [Basic] lance [Basic] Spellcasting Skills Final Attributes: You were piously aligned. You could jump. You are dead. Vanquished creatures: 2 hill orcs an iguana a hobbit 5 manes a large kobold a hobgoblin a cave spider 6 jackals a goblin a sewer rat 10 grid bugs 6 lichens a kobold zombie 3 newts 40 creatures vanquished. Voluntary challenges: You were an atheist. You used a wielded weapon 40 times, starting on turn 19. You were illiterate. You never genocided any monsters. You never polymorphed an object. You never changed form. You used no wishes. You never split a pudding. You never wrote Elbereth's name. You never violated your personal moral code. Dungeon overview: The Dungeons of Doom: levels 1 to 5 Level 1 an altar to Lugh, a fountain a long staircase Level 2 a long staircase Level 3 a scroll shop Level 4 Level 5 <- You were here a general store, a fountain History has recorded: On T:1 you entered the Dungeons of Doom to retrieve the Amulet of Yendor! On T:345 you reached level 2 of The Dungeons of Doom. On T:608 you advanced to experience level 2. On T:761 you reached level 3 of The Dungeons of Doom. On T:997 you reached level 4 of The Dungeons of Doom. On T:1369 you advanced to experience level 3. On T:1446 you reached level 5 of The Dungeons of Doom. On T:1661 you advanced to experience level 4. Score breakdown: Gold: 837 ( 9943 points) Experience: 4 levels ( 9649 points) Exploration: 5 levels ( 10.87%) ( 8944 points) Discoveries: 4 items ( 1.63%) ( 3825 points) Valuables value: (no points given unless you survive) Artifact value: 0 ( 0 points) Variety of kills: 14 monsters ( 3.67%) ( 5750 points) Turncount: 2427 turns ( -286 points) Survival: died (score multiplied by 80%) Total score: 30260 Latest messages: You faint from lack of food. You come to. You faint from lack of food. You come to. You faint from lack of food. You come to. You faint from lack of food. You come to. You faint from lack of food. You come to. You faint from lack of food. You come to. You faint from lack of food. You come to. You faint from lack of food. You come to. You faint from lack of food. You come to. You faint from lack of food. You die from starvation. The bag of holding is empty. The bag of holding is empty. Final status: Fare thee well nyob the Knight, died of starvation, while fainted from lack of food... You starved in The Dungeons of Doom on dungeon level 5 with 30260 points, and 837 pieces of gold, after 2427 moves. You were level 4 with a maximum of 37 hit points when you starved.